 Dungeon Crawl Stone Soup version 0.30-a0-920-g7493c07aab (webtiles) character file.

Game seed: 14063674061669773021

833 jasper the Stinger (level 7, -6/48 HPs)
             Began as a Demonspawn Wanderer on Mar 21, 2023.
             Was an Initiate of Ashenzari.
             Mangled by a cyclops (16 damage)
             ... on level 7 of the Dungeon.
             The game lasted 00:10:03 (4610 turns).

jasper the Stinger (Demonspawn Wanderer)            Turns: 4610, Time: 00:10:04

Health: -6/48      AC:  3    Str: 10    XL:     7   Next: 66%
Magic:  0/13       EV: 13    Int: 23    God:    Ashenzari [......]
Gold:   196        SH:  0    Dex: 13    Spells: 1/14 levels left

rFire   . . .      SeeInvis .    g - +4 dagger
rCold   . . .      Faith    .    (no shield)
rNeg    . . .      Spirit   +    e - +0 leather armour
rPois   +          Reflect  .    (no helmet)
rElec   .          Rampage  .    j - scarf {repulsion}
rCorr   .                        (no gloves)
Will    .....                    (no boots)
Stlth   +                        s - amulet of regeneration
HPRegen 1.08/turn                v - ring "Thunder Perfect Mind" {Int+6, Cun, Elem} (curse)
MPRegen 0.26/turn                n - ring of poison resistance

@: repel missiles
A: demonic guardian 1, magic shield, magic regeneration
a: Renounce Religion, Shatter the Chains


You were on level 7 of the Dungeon.
You worshipped Ashenzari.
Ashenzari was noncommittal.
You visited 2 branches of the dungeon, and saw 8 of its levels.

You collected 196 gold pieces.

Inventory:

Hand Weapons
 a - a +0 dagger
 g - a +4 dagger (weapon)
Missiles
 b - a throwing net
 f - 15 poisoned darts
Armour
 e - a +0 leather armour (worn)
 j - a scarf of repulsion (worn)
 o - a +1 kite shield
Magical Staves
 q - a staff of conjuration
Jewellery
 n - a ring of poison resistance (right hand)
 s - an amulet of regeneration (around neck)
 v - the cursed ring "Thunder Perfect Mind" (left hand) {Int+6, Cun, Elem}
   (You found it on level 4 of the Dungeon)

   [ring of intelligence]

   Int:       It affects your intelligence (+6).
   It has a curse which improves the following skills: Cunning: Dodging and
   Stealth.
   Elements:  Fire Magic, Ice Magic, Air Magic and Earth Magic.
Scrolls
 c - a scroll of teleportation
 d - 2 scrolls of fear
 k - 3 scrolls of enchant armour
 m - 3 scrolls of poison
 u - a scroll of amnesia {unknown}
Potions
 i - 2 potions of mutation
 l - a potion of haste
 p - 3 potions of magic
 r - 2 potions of resistance
 w - a potion of ambrosia {unknown}


   Skills:
 + Level 1.6 Fighting
 - Level 1.0 Throwing
 + Level 4.1(4.5) Dodging
 - Level 1.0(1.2) Stealth
 * Level 4.1 Spellcasting
 - Level 3.0 Conjurations
 - Level 3.0 Necromancy
 - Level 1.9 Transmutations
 - Level 1.7(2.0) Air Magic
 + Level 4.6 Poison Magic


You had one spell level left.
You knew the following spells:

 Your Spells              Type           Power      Damage    Failure   Level
a - Sting                 Tmut/Pois      76%        1d6       3%          1
b - Spider Form           Tmut/Pois      19%        N/A       11%         3
c - Mephitic Cloud        Conj/Pois/Air  19%        N/A       11%         3
d - Sublimation of Blood  Necr           18%        N/A       6%          2
e - Olgreb's Toxic Radia  Pois           26%        N/A       21%         4

Your spell library contained the following spells:

 Spells                   Type           Power      Damage    Failure   Level
 Magic Dart               Conj           72%        1d6       4%          1
 Call Imp                 Summ           4%         N/A       22%         2
 Petrify                  Tmut/Erth      9%         N/A       67%         4
 Irradiate                Conj/Tmut      8%         3d14      82%         5
 Ozocubu's Refrigeration  Ice            2%         4d7       100%        7
 Ignition                 Fire           2%         3d3       100%        8


Dungeon Overview and Level Annotations

Branches:
Dungeon (7/15)             Temple (1/1) D:4

Altars:
Ashenzari
Cheibriados
Fedhas
Gozag
Hepliaklqana
Kikubaaqudgha
Nemelex Xobeh
Okawaru
Qazlal
Ru
Sif Muna
Trog
Uskayaw
Vehumet
Wu Jian
Xom
Yredelemnul

Shops:
D:4 *


Innate Abilities, Weirdness & Mutations

A weak demonic guardian rushes to your aid.
When hurt, damage is shared between your health and your magic reserves.
You regenerate magic rapidly.


Message History

The sting hits the cyclops.
The cyclops looks even sicker.
The cyclops is lightly wounded.
The cyclops is engulfed in noxious fumes.
The cyclops hits you!!
* * * LOW HITPOINT WARNING * * *
A demonic guardian appears!
You take 18 damage, and have 11/48 hp.
MASSIVE DAMAGE!!
You now have 1/13 mp.
Okay, then.
Aiming: Sting (safe; 3% risk of failure)
Press: ? - help, Q - select action, (/) - cycle Shift-Dir - straight line, f/p - cyclops
Aim: a cyclops, quivering large rocks (noxious fumes, lightly wounded, very poisoned, ally target, 98% to hit)
The sting hits the cyclops.
The cyclops looks even sicker.
The cyclops is lightly wounded.
The cyclops is engulfed in noxious fumes.
The cyclops appears confused.
The cyclops hits you!
* * * LOW HITPOINT WARNING * * *
You take 6 damage, and have 5/48 hp.
You now have 0/13 mp.
You hit the cyclops.
The cyclops is lightly wounded.
Your ufetubus hits the cyclops.
Your ufetubus hits the cyclops but does no damage.
You regained 2 hp, and now have 7/48 hp.
You catch the helpless cyclops completely off-guard!
You puncture the cyclops!
The cyclops is heavily wounded.
The cyclops is engulfed in noxious fumes.
The cyclops appears confused.
The cyclops says, "Why is everything spinning?"
The cyclops misses you.
Your ufetubus hits the cyclops.
Your ufetubus hits the cyclops but does no damage.
You hit the cyclops but do no damage.
The cyclops is heavily wounded.
Your ufetubus hits the cyclops but does no damage. x2
The cyclops screams, "I'll kill you anyway!"
The cyclops barely misses you.
Your ufetubus hits the cyclops. x2
You hit the cyclops but do no damage.
The cyclops is severely wounded.
Your ufetubus hits the cyclops but does no damage.
Your ufetubus hits the cyclops. The cyclops hits you!
You die...

###+### #.#
#......# #.#
#......#### #.#
#.........###.#
#.........'†..#
#.........###.#
#.# #.......#
#.# #.#
#.......# #.#
#.# #..5@...#
#.# #^#
#....C...# #.#
#.# #....##+##
#.# #.# #...##
#.###.#####
..>..
#.####.#.#......
####
#...........####
######.#.#..#
#.#.#..#
#.#.#..#


You could see a cyclops (confused, very poisoned, ally target) and a friendly
ufetubus (summoned).

Vanquished Creatures
  Grinder (D:5)
  Menkaure (D:4)
  A water moccasin (D:6)
  A sky beast (D:7)
  A black bear (D:5)
  An orc wizard (D:4)
  2 gnolls (D:1)
  6 adders
  An ufetubus (D:5)
  7 worms
  A dart slug (D:1)
  8 orcs
  10 bats
  3 endoplasms
  2 giant cockroaches
  4 goblins
  6 hobgoblins
  3 jackals (D:2)
  3 quokkas
  9 ball pythons
  5 frilled lizards
  6 kobolds
  7 rats
89 creatures vanquished.

Vanquished Creatures (collateral kills)
  An orc priest (D:4)
1 creature vanquished.

Grand Total: 90 creatures vanquished

Notes
Turn   | Place    | Note
-------+----------+-------------------------------------------
     0 | D:1      | jasper the Demonspawn Wanderer began the quest for the Orb.
     0 | D:1      | jasper set off with the following items: a +0 dagger, 2
                  | throwing nets, a potion of lignification, a scroll of fear,
                  | a +0 leather armour; and the following spell memorised:
                  | Sting; and the following spells available to memorise:
                  | Spider Form.
     0 | D:1      | Reached XP level 1. HP: 13/13 MP: 3/3
    97 | D:1      | Gained mutation: You regenerate magic rapidly. [demonic
                  | ancestry]
    97 | D:1      | Reached XP level 2. HP: 19/19 MP: 5/5
   265 | D:1      | Gained mutation: When hurt, damage is shared between your
                  | health and your magic reserves. [demonic ancestry]
   265 | D:1      | Reached XP level 3. HP: 13/24 MP: 1/6
  1074 | D:2      | Learned a level 3 spell: Spider Form
  1363 | D:2      | Reached skill level 1 in Transmutations
  1372 | D:2      | Reached XP level 4. HP: 19/30 MP: 2/7
  2269 | D:3      | Learned a level 3 spell: Mephitic Cloud
  2977 | D:4      | Gained mutation: A weak demonic guardian rushes to your
                  | aid. [demonic ancestry]
  2977 | D:4      | Reached XP level 5. HP: 28/35 MP: 1/8
  3052 | D:4      | Found a staircase to the Ecumenical Temple.
  3065 | Temple   | Entered the Ecumenical Temple
  3238 | Temple   | Became a worshipper of Ashenzari the Shackled
  3314 | D:4      | Learned a level 2 spell: Sublimation of Blood
  3380 | D:4      | Found a hazy altar of Hepliaklqana.
  3481 | D:4      | Found Ufeuzeku's Overcharged Wands.
  3800 | D:5      | Entered Level 5 of the Dungeon
  3834 | D:5      | Noticed a lemure
  3871 | D:5      | Noticed Grinder
  3890 | D:5      | Killed Grinder
  3891 | D:5      | Reached skill level 1 in Conjurations
  3891 | D:5      | Reached skill level 1 in Air Magic
  3891 | D:5      | Reached XP level 6. HP: 23/41 MP: 1/10
  3973 | D:5      | Found a stormy altar of Qazlal.
  3988 | D:5      | Found a basalt altar of Yredelemnul.
  3990 | D:5      | Noticed Menkaure
  4019 | D:4      | Killed Menkaure
  4020 | D:4      | Reached XP level 7. HP: 36/46 MP: 3/11
  4380 | D:6      | Reached skill level 1 in Fighting
  4458 | D:6      | Learned a level 4 spell: Olgreb's Toxic Radiance
  4597 | D:7      | Noticed a cyclops
  4610 | D:7      | Mangled by a cyclops

Illustrated notes

Levels and vault maps discovered:
D:1:      nzn_arrival_crosshair, layout_basic, nicolae_eternal_life,
          minmay_tetromino_o4
D:2:      minmay_alternating_diamond, layout_basic, minmay_surrounded
D:3:      minmay_skewed_foursquare, layout_rooms
D:4:      layout_loops_cross, mainiacjoe_overflow_six_doors_small,
          lemuel_tele_altar, minmay_temple_entry_ruins,
          nicolae_shop_overcharged_wands
D:5:      layout_basic, lemuel_doored_altar, general_overflow_altar,
          old_standard_altar, minmay_pentangle, uniq_menkaure, uniq_grinder,
          uniq_pikel
D:6:      minmay_polygon_palace, layout_basic
D:7:      layout_basic, zin_statuary
Temple:   eino_narrow_crystal_temple

Skill      XL: |  1  2  3  4  5  6  7 |
---------------+----------------------+-----
Poison Magic   | 3 4 |  4.6
Transmutations | 1 |  1.9
Spellcasting   | 3 4 |  4.1
Conjurations   | 1 2 3 |  3.0
Necromancy     | 2 3 |  3.0
Air Magic      | 1 |  1.7
Fighting       | 1 |  1.6
Dodging        | 4 |  4.1
Throwing       | |  1.0
Stealth        | |  1.0

Action                     |  1- 3 |  4- 6 |  7- 9 || total
---------------------------+-------+-------+-------++-------
  Melee: Dagger            |    32 |    41 |    15 ||    88
         Unarmed           |       |     6 |    13 ||    19
  Throw: Dart              |    10 |       |       ||    10
         Throwing net      |     2 |     1 |       ||     3
   Cast: Sting             |    58 |   101 |    27 ||   186
         Mephitic Cloud    |       |       |     2 ||     2
         Spider Form       |       |       |     1 ||     1
 Invoke: Curse Item        |       |     1 |       ||     1
    Use: Scroll            |     2 |     8 |       ||    10
         Potion            |       |     3 |     3 ||     6
   Stab: Sleeping          |       |     2 |       ||     2
         Confused          |       |       |     1 ||     1
 Armour: Leather armour    |    19 |    11 |     9 ||    39
         Skin              |       |     5 |     1 ||     6
  Dodge: Dodged            |    45 |    68 |    44 ||   157

Table legend: (Time is in decaauts)
 A = Elapsed time spent in this place.
 B = Non-inter-level travel time spent in this place.
 C = Inter-level travel time spent in this place.
 D = Time resting spent in this place.
 E = Time spent auto-exploring this place.
 F = Levels seen in this place.
 G = Mean time per level.
                   A        B        C        D        E       F      G
               +--------+--------+--------+--------+--------+-----+--------+
         Total |   4607 |   4457 |    150 |     67 |   3533 |   8 |  575.9 |
       Dungeon |   4416 |   4297 |    119 |     67 |   3390 |   7 |  630.9 |
        Temple |    191 |    160 |     31 |      0 |    143 |   1 |  191.0 |
               +--------+--------+--------+--------+--------+-----+--------+

Top non-repeatable levels by time:
     D:4: 1035 daAuts
     D:2: 1016 daAuts
     D:1: 959 daAuts
     D:3: 696 daAuts
     D:5: 309 daAuts
     D:6: 269 daAuts
  Temple: 191 daAuts
     D:7: 129 daAuts
